[Event "Team 45 45 League T36"]
[Site "Internet Chess Club"]
[Date "2008.02.02"]
[Round "2"]
[White "ADIOKiddo4Ever"]
[Black "MarcoDeSade"]
[Result "0-1"]
[WhiteElo "1498"]
[BlackElo "1495"]
[Opening "French: advance, Nimzovich system"]
[ECO "C02"]
[Time "11:59:46"]
[TimeControl "2700+45"]

1. e4 e6 2. d4 d5 3. e5 c5 4. Nf3 cxd4 5. Nxd4 Nc6 6. Nxc6 bxc6 7. Nc3 Ne7 8.
Be2 Ng6 9. f4 Bb4 10. O-O Bxc3 11. bxc3 O-O 12. Ba3 Re8 13. c4 Ba6 14. c5 Bxe2
15. Qxe2 Qa5 16. Qd3 Rab8 17. g3 Rb7 18. Rab1 Reb8 19. Rxb7 Rxb7 20. Rf3 Rb1+
21. Kg2 Qb5 22. Qxb5 Rxb5 23. Rb3 a6 24. h4 Ne7 25. g4 g6 26. Rxb5 axb5 27. Bb4
Kf8 28. Ba5 Ke8 29. Kf2 Kd7 30. Ke3 h6 31. Kd3 h5 32. g5 Nf5 33. Be1 Kc7 34. Kc3
Kb7 35. Kd3 Ka6 36. a3 Ka7 37. Kc3 Ne3 38. Kd3 Nc4 39. Bb4 Ka6 40. Ke2 Nb2 41.
Kd2 Nc4+ 42. Ke2 Na5 43. Kd2 Nc4+ 44. Ke2 Kb7 45. Kd3 Kc7 46. Ke2 Kd7 47. Kd3
Nb2+ 48. Kd2 d4 49. Kc1 Nc4 50. Kd1 Ne3+ 51. Kd2 Ng2 52. Kd3 Nxf4+ 53. Kxd4 Ng2
54. c4 Nxh4 55. Be1 Nf5+ 56. Kd3 bxc4+ 57. Kxc4 Kc7 58. a4 Kb7 59. Kb4 Ka6 60.
Kc4 h4 61. Bf2 h3 62. Bg1 Nh4 63. Bh2 Nf3 64. Bg3 h2 65. Bxh2 Nxh2 66. Kd4 Nf3+
67. Ke4 Nxg5+ 68. Kf4 Nh7 69. Ke4 Ka5 70. Kd4 Kxa4 71. Kc4 Ka5 72. Kd4 Kb4 73.
Ke4 Kxc5 74. Kf4 Kd4 {White resigns} 0-1

[Event "Team 45 45 League T36"]
[Site "Internet Chess Club"]
[Date "2008.01.31"]
[Round "2"]
[White "az2112"]
[Black "cityprosecutor"]
[Result "0-1"]
[WhiteElo "1716"]
[BlackElo "1774"]
[Opening "Benkö gambit half accepted"]
[ECO "A57"]
[Time "21:09:11"]
[TimeControl "2700+45"]

1. d4 Nf6 2. c4 c5 3. d5 b5 4. cxb5 a6 5. e3 g6 6. Nc3 Bg7 7. e4 d6 8. Nf3 O-O
9. a4 Qa5 10. Bd2 Qb4 11. Qc2 Bd7 12. Ra3 axb5 13. Rb3 Qa5 14. Bxb5 Bxb5 15.
Rxb5 Qa6 16. O-O Nbd7 17. b4 Rfb8 18. Ra5 Qc8 19. Rxa8 Rxa8 20. b5 Nb6 21. Qb3
Kf8 22. e5 c4 23. Qa3 dxe5 24. d6 Nfd5 25. Nxd5 Nxd5 26. dxe7+ Ke8 27. Qd6 Qd7
28. Qxd7+ Kxd7 29. Rd1 Kxe7 30. Bg5+ Ke6 {White resigns} 0-1

[Event "Team 45 45 League T36"]
[Site "Internet Chess Club"]
[Date "2008.02.01"]
[Round "2"]
[White "mickeys"]
[Black "Chess2Play"]
[Result "1-0"]
[WhiteElo "1713"]
[BlackElo "1637"]
[Opening "QGD: Semi-Tarrasch, 5.cd"]
[ECO "D41"]
[Time "20:01:41"]
[TimeControl "2700+45"]

1. d4 d5 2. Nf3 Nf6 3. c4 e6 4. Nc3 c5 5. cxd5 exd5 6. Bg5 Be6 7. Qb3 b6 8. Bxf6
gxf6 9. dxc5 Bxc5 10. Qc2 Nc6 11. e3 Qc7 12. Rd1 Bb4 13. a3 Bxc3+ 14. Qxc3 d4
15. Nxd4 Nxd4 16. Qxc7 Rc8 17. Qxc8+ Bxc8 18. Rxd4 O-O 19. Be2 Be6 20. O-O Rc8
21. Rfd1 Kg7 22. b4 Bb3 23. R1d2 Be6 24. f4 f5 25. Bf3 Rc1+ 26. Kf2 Rc3 27. R4d3
Rc1 28. Bd5 Bc8 29. e4 Ba6 30. Rg3+ Kf8 31. e5 Rf1+ 32. Ke3 Re1+ 33. Kd4 Rh1 34.
h3 Rf1 35. Rf3 Rc1 36. e6 Rc7 37. Ke5 fxe6 38. Bxe6 Re7 39. Rd8+ Kg7 40. Rg3+
Kh6 41. Kf6 Rc7 42. Rd7 Rc6 43. Rgg7 {Black resigns} 1-0

[Event "Team 45 45 League T36 u"]
[Site "Internet Chess Club"]
[Date "2008.02.04"]
[Round "2"]
[White "NaoXidnan"]
[Black "ChessChamp"]
[Result "1-0"]
[WhiteElo "1586"]
[BlackElo "1544"]
[Opening "Dutch with c4 & Nc3"]
[ECO "A85"]
[Time "20:25:16"]
[TimeControl "2700+45"]

1. d4 f5 2. c4 Nf6 3. Nc3 e6 4. Bg5 Be7 5. Nf3 d5 6. cxd5 exd5 7. e3 c6 8. Bd3
Nbd7 9. O-O O-O 10. Bxf5 Ne4 11. Bxe7 Qxe7 12. Bxe4 dxe4 13. Nd2 Rf6 14. Ndxe4
Rg6 15. Qf3 Nf6 16. Nxf6+ Rxf6 17. Qe4 Be6 18. d5 cxd5 19. Nxd5 Qf7 20. Nxf6+
Qxf6 21. Qxb7 Rd8 22. Qxa7 Qxb2 23. Rad1 Rf8 24. a4 Qf6 25. Qb6 Qg6 26. Rd8 Qg4
27. Rxf8+ Kxf8 28. Rc1 Kf7 29. Rc7+ Kf6 30. Qd4+ Qxd4 31. exd4 h5 32. a5 Bd5 33.
Rd7 Be6 34. Rd6 Ke7 35. Rxe6+ Kxe6 36. Kf1 Kd6 37. Ke2 Kc7 38. Kf3 Kb7 39. Kf4
Ka6 40. Kg5 Kxa5 41. Kxh5 Kb5 42. Kg6 Kc4 43. Kxg7 Kxd4 44. h4 Ke5 45. h5 Kf5
46. h6 Ke4 47. h7 Kd3 48. h8=Q Ke2 49. Qe8+ Kxf2 50. Kg6 Kxg2 51. Qe3 Kf1 52.
Qd2 Kg1 53. Kf5 Kf1 54. Kg4 Kg1 55. Kf3 Kh1 56. Qg2# {Black checkmated} 1-0

[Event "Team 45 45 League T36"]
[Site "Internet Chess Club"]
[Date "2008.02.02"]
[Round "2"]
[White "theartist"]
[Black "Toalla"]
[Result "0-1"]
[WhiteElo "1196"]
[BlackElo "1127"]
[Opening "QGD: Tarrasch defense"]
[ECO "D32"]
[Time "10:01:24"]
[TimeControl "2700+45"]

1. d4 d5 2. c4 e6 3. Nf3 c5 4. cxd5 exd5 5. Nc3 Nf6 6. Bg5 Qa5 7. Bxf6 gxf6 8.
g3 h5 9. h4 Na6 10. a3 c4 11. Bg2 Nc7 12. O-O Be6 13. Qc2 b5 14. e4 Rd8 15. Rfd1
a6 16. Nd2 Be7 17. f4 b4 18. axb4 Qxb4 19. f5 Bc8 20. exd5 Rg8 21. Kh2 Qb8 22.
Nf1 Bd6 23. Re1+ Kf8 24. Re3 Nb5 25. Nxb5 axb5 26. Bf3 Qb6 27. Qd1 Bxf5 28. Bxh5
Bd3 29. Be2 Qxd4 30. Qd2 Qxh4+ 31. Kg2 Bf4 32. Qb4+ Bd6 33. Qa5 Be4+ 34. Kf2
Bxg3+ 35. Nxg3 f5 36. Rg1 Re8 37. Ra3 Bxd5 38. Qxb5 Qd4+ 39. Kf1 f4 40. Nf5
Rxg1# {White checkmated} 0-1

[Event "Team 45 45 League T36"]
[Site "Internet Chess Club"]
[Date "2008.02.02"]
[Round "2"]
[White "nursey"]
[Black "gagdad"]
[Result "1/2-1/2"]
[WhiteElo "1654"]
[BlackElo "1689"]
[Opening "Scandinavian (center counter) defense"]
[ECO "B01"]
[Time "14:31:54"]
[TimeControl "2700+45"]

1. e4 d5 2. exd5 Qxd5 3. Nc3 Qa5 4. d4 Nf6 5. Bd3 Nc6 6. Nf3 Bg4 7. h3 Bxf3 8.
Qxf3 O-O-O 9. d5 Nb4 10. Bf5+ Kb8 11. O-O Nbxd5 12. Rd1 e6 13. Bg5 Be7 14. Nxd5
Rxd5 15. Rxd5 Qxd5 16. Qxd5 Nxd5 17. Bxe7 Nxe7 18. Be4 Rd8 19. a4 Nc6 20. c3 f5
21. Bxc6 bxc6 22. Re1 Rd6 23. b4 Kc8 24. c4 Kd7 25. Kh2 Rd4 26. Rc1 f4 27. g3
fxg3+ 28. Kxg3 e5 29. a5 Rd3+ 30. Kg4 Ke6 31. b5 Ra3 32. a6 Ra4 33. Kg5 cxb5 34.
cxb5 Kd6 35. Rc6+ Kd7 36. Kf5 Rb4 37. Rc5 Rf4+ 38. Kxe5 Rxf2 39. Rd5+ Ke7 40.
Rd4 Rf6 41. Rc4 Re6+ 42. Kd5 Rd6+ 43. Ke5 Kd7 44. Rf4 Re6+ 45. Kd5 Rf6 46. Rh4
h6 47. Re4 c6+ 48. bxc6+ Rxc6 49. Re7+ Kxe7 50. Kxc6 g5 51. Kb7 Kd8 52. Kb8 h5
53. Kxa7 Kc8 54. Kb6 Kb8 55. Kc5 g4 56. hxg4 hxg4 57. Kd4 {Game drawn by mutual
agreement} 1/2-1/2

[Event "Team 45 45 League T36"]
[Site "Internet Chess Club"]
[Date "2008.02.05"]
[Round "2"]
[White "jazzyrick"]
[Black "rayonline53"]
[Result "0-1"]
[WhiteElo "1561"]
[BlackElo "1751"]
[Opening "French: exchange variation"]
[ECO "C01"]
[Time "14:00:48"]
[TimeControl "2700+45"]

1. e4 e6 2. d4 d5 3. exd5 exd5 4. Nf3 Nf6 5. h3 Be7 6. Bd3 h6 7. Bf4 O-O 8. O-O
b6 9. Nbd2 Ba6 10. Nb3 Bxd3 11. Qxd3 c5 12. c4 Nc6 13. dxc5 bxc5 14. cxd5 Nxd5
15. Be3 Nxe3 16. Qxe3 Qb6 17. Rfc1 Rfe8 18. Qc3 Nd4 19. Nfxd4 cxd4 20. Qxd4 Qxd4
21. Nxd4 Bf6 22. Rc4 Re4 23. Rd1 Rd8 24. b3 Rexd4 25. Rdxd4 Bxd4 26. Kf1 Bb6 27.
a4 Rd4 28. Ke2 Rxc4 29. bxc4 Kf8 30. f3 Ke7 31. Kd3 Kd6 32. Kc3 {White resigns}
0-1

[Event "Team 45 45 League T36"]
[Site "Internet Chess Club"]
[Date "2008.02.01"]
[Round "2"]
[White "vaknight"]
[Black "SoaringEagle"]
[Result "0-1"]
[WhiteElo "1522"]
[BlackElo "1441"]
[Opening "Scandinavian defense"]
[ECO "B01"]
[Time "20:01:25"]
[TimeControl "2700+45"]

1. e4 d5 2. exd5 Nf6 3. Nf3 Nxd5 4. d4 Bg4 5. h3 Bxf3 6. Qxf3 c6 7. Bd2 g6 8. c3
Bg7 9. Na3 Nd7 10. Nc4 O-O 11. Ne3 N7f6 12. Bc4 e6 13. O-O Qb6 14. Rab1 Rad8 15.
Bxd5 exd5 16. Ng4 Nxg4 17. hxg4 Rde8 18. Bf4 Qd8 19. Qh3 Re2 20. Be3 Qa5 21. Qf3
Qb5 22. a4 Qd3 23. Rfe1 Rxe1+ 24. Rxe1 Re8 25. Qd1 Qxd1 26. Rxd1 Re4 27. Re1 Bh6
28. Kf1 Bxe3 29. Rxe3 Rxe3 30. fxe3 Kg7 31. g5 f6 32. gxf6+ Kxf6 33. Kf2 Kf5 34.
Kf3 h5 35. g3 g5 36. b3 b6 37. b4 a5 38. bxa5 bxa5 39. Kf2 Ke4 40. Ke2 h4 {White
resigns} 0-1

[Event "Team 45 45 League T36"]
[Site "Internet Chess Club"]
[Date "2008.02.03"]
[Round "2"]
[White "sdcohle"]
[Black "NXS"]
[Result "0-1"]
[WhiteElo "1446"]
[BlackElo "1451"]
[Opening "Queen's pawn game"]
[ECO "D00"]
[Time "10:08:16"]
[TimeControl "2700+45"]

1. d4 d5 2. e3 e6 3. Bd3 Nf6 4. c3 c5 5. Nd2 cxd4 6. cxd4 Bd6 7. Ngf3 Nbd7 8. e4
dxe4 9. Nxe4 Nxe4 10. Bxe4 h6 11. O-O Nf6 12. Bc2 O-O 13. Ne5 Nd7 14. Re1 Qf6
15. f4 Bc7 16. Ba4 Nxe5 17. fxe5 Qd8 18. Bb3 Bb6 19. Be3 Bd7 20. d5 exd5 21.
Bxd5 Qg5 22. Qb3 Bc6 23. Bxc6 Bxe3+ 24. Rxe3 bxc6 25. Rae1 Rab8 26. Qc3 Qg6 27.
b4 Qe6 28. a3 Rfd8 29. Qc5 Rb7 30. Rc3 Rb5 31. Qxc6 Rxe5 32. Qxe6 Rxe6 33. Rxe6
fxe6 34. Kf2 Rd7 35. g4 g5 36. h3 e5 37. Ke3 Kf7 38. Ke4 Re7 39. Rc5 Kf6 40.
Rc6+ Kg7 41. Kf5 e4 42. Rc1 e3 43. Re1 e2 44. a4 Rf7+ 45. Ke4 Rf4+ 46. Ke3 Rxb4
47. Rxe2 Rb3+ 48. Kd4 Rb4+ 49. Kc5 Rxa4 50. Re3 Rf4 51. Kb5 Rf7 52. Ka6 Kf6 53.
Rf3+ Ke7 54. Re3+ Kf8 55. Rd3 Kg7 56. Re3 Kf8 57. Rd3 Kg7 58. Re3 Kg8 59. Rd3
Kg7 60. Re3 Kg6 61. Rd3 h5 62. gxh5+ Kxh5 63. Re3 Kh4 64. Rd3 Rf2 65. Kxa7 Rh2
66. Kb6 Rxh3 67. Rd4+ g4 68. Kc5 Rh1 69. Re4 Kh3 70. Kd4 g3 71. Re3 Kh2 72. Re2+
g2 73. Ke4 Rf1 74. Rd2 Kh1 75. Rd5 g1=Q 76. Rh5+ Qh2 77. Rxh2+ Kxh2 78. Ke3 Kg2
79. Ke4 Kg3 80. Ke3 Re1+ 81. Kd4 Kf3 82. Kd5 Kf4 83. Kd4 Rd1+ 84. Kc4 Ke4 85.
Kc5 Rd4 86. Kc6 Rd5 87. Kb6 Kd4 88. Kc6 Kc4 89. Kb6 Rc5 90. Kb7 Kb5 91. Ka7 Rc6
92. Kb7 Kc5 93. Ka7 Rb6 94. Ka8 Kc6 95. Ka7 Kc7 96. Ka8 Ra6# {White checkmated}
0-1

[Event "Team 45 45 League T36"]
[Site "Internet Chess Club"]
[Date "2008.02.03"]
[Round "2"]
[White "rd00d"]
[Black "tammany"]
[Result "0-1"]
[WhiteElo "1408"]
[BlackElo "1678"]
[Opening "Grünfeld defense"]
[ECO "D80"]
[Time "14:03:00"]
[TimeControl "2700+45"]

1. d4 Nf6 2. c4 g6 3. Nc3 d5 4. e3 Bg7 5. Be2 O-O 6. Nf3 c5 7. b3 cxd4 8. exd4
Ne4 9. Nxd5 Nc6 10. O-O e6 11. Ne3 Nxd4 12. Nxd4 Bxd4 13. Rb1 Nc3 14. Qd3 Nxb1
15. Qxb1 Qc7 16. Rd1 Bg7 17. Bb2 b6 18. Bxg7 Kxg7 19. Qb2+ Kg8 20. Qf6 Bb7 21.
Ng4 Rfd8 22. Rxd8+ Rxd8 23. Nh6+ Kf8 24. Qh8+ Ke7 25. Ng8+ Kd7 26. Nf6+ Kc8 27.
Qxh7 Qe5 {White resigns} 0-1

[Event "Team 45 45 League T36"]
[Site "Internet Chess Club"]
[Date "2008.02.04"]
[Round "2"]
[White "dougmo"]
[Black "JoshK"]
[Result "0-1"]
[WhiteElo "1565"]
[BlackElo "1471"]
[Opening "Sicilian: Grand Prix attack"]
[ECO "B23"]
[Time "12:09:46"]
[TimeControl "2700+45"]

1. e4 c5 2. Nc3 Nc6 3. f4 d6 4. Nf3 g6 5. Bb5 Bd7 6. O-O Bg7 7. d3 a6 8. Bxc6
Bxc6 9. Qe1 Nf6 10. e5 Ng4 11. h3 Nh6 12. Ng5 dxe5 13. fxe5 Qd4+ 14. Kh1 Qxe5
15. Qf2 O-O 16. Bf4 Qd4 17. Be3 Qe5 18. Bf4 Qd4 19. Be3 Qf6 20. Qd2 Nf5 21. Nge4
Bxe4 22. Nxe4 Qxb2 23. Rab1 Nxe3 24. Rxb2 Nxf1 25. Qf2 Bxb2 26. Qxf1 b6 27. Qf2
Bd4 28. Qh4 f6 29. Qg3 Be5 30. Qf3 Rad8 31. h4 Rd4 32. h5 f5 33. Ng3 Rh4+ 34.
Kg1 Bd4+ 35. Kf1 f4 36. Qd5+ Kg7 37. Ne4 Rh1+ 38. Ke2 f3+ 39. gxf3 Rh2+ 40. Kf1
Rxf3+ 41. Ke1 Rxc2 42. h6+ Kxh6 43. Qg5+ Kg7 44. Qxe7+ Rf7 45. Qg5 Rxa2 46. Qd5
Rb2 47. Ng5 Bc3+ {White resigns} 0-1

[Event "Team 45 45 League T36"]
[Site "Internet Chess Club"]
[Date "2008.02.03"]
[Round "2"]
[White "gtm"]
[Black "werty"]
[Result "0-1"]
[WhiteElo "1528"]
[BlackElo "1462"]
[Opening "French: advance, Euwe variation"]
[ECO "C02"]
[Time "15:05:22"]
[TimeControl "2700+45"]

1. e4 e6 2. d4 d5 3. e5 c5 4. c3 Nc6 5. Nf3 Bd7 6. Be2 cxd4 7. cxd4 Nge7 8. Na3
Nf5 9. Nc2 Qb6 10. O-O Be7 11. a3 Rc8 12. b4 a6 13. Bb2 O-O 14. Bd3 f6 15. exf6
Bxf6 16. Bxf5 exf5 17. Re1 Rfe8 18. Ne5 Bxe5 19. dxe5 Be6 20. Qf3 Qd8 21. Rad1
Nxe5 22. Bxe5 Rxc2 23. Qg3 Qe7 24. Rd4 b5 25. h4 Rc4 26. Rxc4 dxc4 27. h5 h6 28.
Bf4 Qf6 29. Re3 Bf7 30. Be5 Qg5 31. Qxg5 hxg5 32. Bd4 Rxe3 33. fxe3 Bxh5 34. Kf2
Kf7 35. g3 Bd1 36. Bc3 Bc2 37. Kf3 g6 38. Bd4 Ke6 39. Kf2 Kd5 40. Ke1 Ke4 41.
Kf2 f4 42. Bc5 fxg3+ 43. Kxg3 Kf5 44. Bd4 Bd3 45. Bb6 c3 46. Bd4 c2 47. Bb2 Ke4
48. Bc1 Be2 49. Kf2 Bf3 50. Kg3 g4 51. Kf2 Kd3 52. Kg3 Ke2 53. Kf4 Kd1 54. Bb2
c1=Q 55. Bxc1 Kxc1 56. e4 Bxe4 57. Kxe4 g3 58. Kf3 g2 59. Kxg2 Kb2 60. Kg3 Kxa3
61. Kg4 Kb3 62. Kg5 Kxb4 63. Kxg6 a5 64. Kf5 a4 65. Ke4 Kb3 66. Kd3 a3 67. Kd2
Kb2 {White resigns} 0-1

[Event "Team 45 45 League T36"]
[Site "Internet Chess Club"]
[Date "2008.02.03"]
[Round "2"]
[White "Badu"]
[Black "John3v16"]
[Result "1-0"]
[WhiteElo "1945"]
[BlackElo "1865"]
[Opening "Queen's bishop game"]
[ECO "D02"]
[Time "04:00:40"]
[TimeControl "2700+45"]

1. d4 d5 2. Nf3 Nf6 3. Bf4 e6 4. e3 Be7 5. Bd3 Nbd7 6. Nbd2 Nh5 7. Be5 f6 8. Ng5
Nxe5 9. dxe5 g6 10. Nxh7 Kf7 11. exf6 Nxf6 12. Ng5+ Kg7 13. Ndf3 Qd6 14. Qe2 e5
15. O-O-O c5 16. e4 d4 17. Bc4 a6 18. Nf7 Qc7 19. Nxh8 Kxh8 20. h4 Bg4 21. Qd2
Kg7 22. Qg5 Nxe4 23. Qxg4 Nxf2 24. Ng5 Bxg5+ 25. Qxg5 Nxd1 26. Kxd1 Qd8 27.
Qxe5+ Qf6 28. Qc7+ Kh6 29. Rf1 Qxh4 30. Qxb7 Re8 31. Be2 Qh2 32. Qf7 Rxe2 33.
Qf8+ Kg5 34. Qf6+ Kg4 35. Qxg6+ Kh4 36. Qh6+ Kg3 37. Qg5# {Black checkmated} 1-0

[Event "Team 45 45 League T36"]
[Site "Internet Chess Club"]
[Date "2008.02.04"]
[Round "2"]
[White "hewdondada"]
[Black "cayo89"]
[Result "0-1"]
[WhiteElo "1860"]
[BlackElo "1823"]
[Opening "QGA: 4...e6"]
[ECO "D26"]
[Time "20:06:40"]
[TimeControl "2700+45"]

1. d4 d5 2. c4 dxc4 3. Nf3 Nf6 4. e3 e6 5. Bxc4 Be7 6. O-O O-O 7. Nc3 c5 8. Qe2
cxd4 9. exd4 a6 10. Rd1 b5 11. Bd3 Bb7 12. Bg5 Nbd7 13. Ne5 h6 14. Bh4 Rc8 15.
a3 Nd5 16. Bxe7 Nxc3 17. bxc3 Qxe7 18. Nxd7 Qxd7 19. c4 bxc4 20. Bxc4 Qc6 21. d5
Qxc4 22. Qxc4 Rxc4 23. d6 Rd8 24. Rab1 Bd5 25. Rb6 Rc6 {White resigns} 0-1

[Event "Team 45 45 League T36"]
[Site "Internet Chess Club"]
[Date "2008.02.05"]
[Round "2"]
[White "Kittle"]
[Black "ExpertLevel"]
[Result "1/2-1/2"]
[WhiteElo "1668"]
[BlackElo "1760"]
[Opening "Sicilian: O'Kelly variation"]
[ECO "B28"]
[Time "18:08:05"]
[TimeControl "2700+45"]

1. e4 c5 2. Nf3 a6 3. d4 cxd4 4. Nxd4 Nf6 5. Nc3 e5 6. Nb3 Bb4 7. Bd2 Qc7 8. Bd3
O-O 9. O-O Bxc3 10. Bxc3 Nc6 11. Qd2 d6 12. f4 exf4 13. Qxf4 Ne5 14. Qg5 Qe7 15.
Nd2 h6 16. Qh4 b5 17. Nf3 Re8 18. Nxe5 dxe5 19. Rf3 Kh7 20. Raf1 Qf8 21. Bd2 Ra7
22. h3 Ng8 23. g4 Re6 24. Qf2 Rb7 25. Rxf7 Qd8 26. Rxb7 Bxb7 27. Qf5+ Rg6 28.
Bc3 Qb6+ 29. Kh2 Kh8 30. Qxe5 Rg5 31. Qg3 Qc6 32. Bd2 Rg6 33. e5 Re6 34. Bc3 b4
35. Bxb4 Rxe5 36. Bd2 Nf6 37. Qf2 h5 38. gxh5 Rxh5 39. Be2 Rf5 40. Qh4+ Rh5 41.
Qf2 {Game drawn by mutual agreement} 1/2-1/2

[Event "Team 45 45 League T36"]
[Site "Internet Chess Club"]
[Date "2008.02.02"]
[Round "2"]
[White "OGO"]
[Black "smsxman"]
[Result "1-0"]
[WhiteElo "1633"]
[BlackElo "1491"]
[Opening "Ruy Lopez: old Steinitz defense"]
[ECO "C62"]
[Time "12:11:58"]
[TimeControl "2700+45"]

1. e4 e5 2. Nf3 Nc6 3. Bb5 d6 4. d4 exd4 5. Qxd4 Bd7 6. Bxc6 Bxc6 7. Nc3 Be7 8.
O-O Nf6 9. Re1 O-O 10. Bf4 Re8 11. Rad1 Qc8 12. b4 a6 13. Nd5 Nxd5 14. exd5 Bd7
15. c4 Bf6 16. Qd2 Bg4 17. Rxe8+ Qxe8 18. Re1 Qd7 19. Ng5 h6 20. Ne4 Qd8 21. Qe3
Bd7 22. Qf3 b5 23. c5 dxc5 24. bxc5 Be7 25. d6 cxd6 26. Bxd6 Bxd6 27. Nxd6 f6
28. Qd5+ Kh7 29. Nf7 Qc8 30. Re7 Bc6 31. Qd3+ Kg8 32. Qg6 Qf8 33. Nxh6+ Kh8 34.
Nf5 Rd8 35. h3 Rd1+ 36. Kh2 Qb8+ 37. Ng3 Qf8 38. Rc7 Be8 39. Qg4 Re1 40. Nf5 g5
41. Nd6 Bg6 42. Rc8 Be8 43. Nxe8 Rxe8 44. Qh5+ Kg7 45. Rxe8 Qxc5 46. Qh8+ Kf7
47. Qg8# {Black checkmated} 1-0

[Event "Team 45 45 League T36"]
[Site "Internet Chess Club"]
[Date "2008.02.04"]
[Round "2"]
[White "Marichan"]
[Black "Knight77"]
[Result "0-1"]
[WhiteElo "1770"]
[BlackElo "1865"]
[Opening "Scotch opening"]
[ECO "C44"]
[Time "15:16:23"]
[TimeControl "2700+45"]

1. e4 e5 2. Nf3 Nc6 3. d4 f6 4. dxe5 fxe5 5. Bc4 d6 6. Qd5 Qe7 7. Ng5 Nh6 8. Ne6
Bxe6 9. Qxe6 Qxe6 10. Bxe6 Nf7 11. Bxf7+ Kxf7 12. Be3 Be7 13. Nc3 Nb4 14. O-O-O
c6 15. a3 Na6 16. f4 exf4 17. Bxf4 Rhd8 18. Rhf1 Kg8 19. Rde1 Nc5 20. e5 d5 21.
Bd2 Ne6 22. Ne2 Rf8 23. Nf4 Nxf4 24. Bxf4 Rxf4 25. Rxf4 Bg5 26. g3 Rf8 27. Rf1
Re8 28. Kd2 Rxe5 29. Kd3 Bxf4 30. Rxf4 g5 31. Rg4 h5 32. Rb4 b6 33. c4 c5 34.
Ra4 dxc4+ 35. Rxc4 Kf7 36. h4 Ke6 37. Rc2 Kf5 38. hxg5 Kxg5 39. Rg2 Kg4 40. b4
Rf5 41. bxc5 Rxc5 42. a4 Ra5 43. Rh2 Kxg3 44. Rh1 h4 45. Rg1+ Kf2 46. Rh1 Rxa4
47. Rh2+ Kg3 48. Rh1 h3 49. Rg1+ Kf2 50. Rh1 Kg2 51. Rc1 {White resigns} 0-1

[Event "Team 45 45 League T36"]
[Site "Internet Chess Club"]
[Date "2008.02.03"]
[Round "2"]
[White "kabindra"]
[Black "A-Ru"]
[Result "1-0"]
[WhiteElo "1866"]
[BlackElo "1952"]
[Opening "French: MacCutcheon, Bogolyubov variation"]
[ECO "C12"]
[Time "10:01:42"]
[TimeControl "2700+45"]

1. e4 e6 2. d4 d5 3. Nc3 Nf6 4. Bg5 Bb4 5. exd5 Qxd5 6. Bxf6 gxf6 7. Qd2 Qa5 8.
Nf3 Bd7 9. Be2 Bc6 10. Qe3 Nd7 11. a3 O-O-O 12. O-O Bd6 13. Ne4 Be7 14. Ng3 h5
15. b4 Qb6 16. c4 Bxf3 17. c5 Qc6 18. Bxf3 Qb5 19. a4 Qa6 20. b5 Qa5 21. c6 Nb6
22. cxb7+ Kb8 23. Ne4 Nd5 24. Qc1 Kxb7 25. Nc5+ Kc8 26. Na6 f5 27. Qc4 Bd6 28.
Kh1 Nb4 29. Rfb1 Nxa6 30. bxa6 Kd7 31. Bc6+ Ke7 32. Rb7 Ra8 33. Rd1 Rhb8 34. Rb5
Rxb5 35. axb5 Rd8 36. d5 Qb4 37. Qe2 Qf4 38. Qxh5 Be5 39. g3 Qe4+ 40. Kg1 Qg4
41. Qxg4 fxg4 42. Re1 Bc3 43. Re3 Ba5 44. dxe6 fxe6 45. Re4 Rg8 46. Kg2 Bb6 47.
f3 gxf3+ 48. Kxf3 Rh8 49. Kg2 Kd6 50. h3 e5 51. h4 Rf8 52. Kh3 Ke6 53. Rg4 Kf6
54. h5 Rh8 55. Rg6+ Ke7 56. g4 Rh7 57. Be4 Be3 58. Rc6 {Black resigns} 1-0

[Event "Team 45 45 League T36"]
[Site "Internet Chess Club"]
[Date "2008.02.01"]
[Round "2"]
[White "Kingofknights"]
[Black "jaybird"]
[Result "0-1"]
[WhiteElo "1724"]
[BlackElo "1706"]
[Opening "Grünfeld: exchange variation"]
[ECO "D85"]
[Time "21:01:43"]
[TimeControl "2700+45"]

1. d4 Nf6 2. c4 g6 3. Nc3 d5 4. cxd5 Nxd5 5. e4 Nxc3 6. bxc3 Bg7 7. Be3 c5 8.
Qd2 Qa5 9. Rb1 cxd4 10. Rb5 Qxc3 11. Qxc3 dxc3 12. Bd3 O-O 13. Ne2 a6 14. Rb1
Rd8 15. Bc2 Nc6 16. O-O b5 17. a3 Be6 18. Bb3 Bxb3 19. Rxb3 Rd3 20. Rc1 Rad8 21.
g3 Rd1+ 22. Rxd1 Rxd1+ 23. Kg2 c2 24. Nc1 Na5 25. Rd3 Nc4 26. Bc5 Bb2 {White
resigns} 0-1

[Event "Team 45 45 League T36"]
[Site "Internet Chess Club"]
[Date "2008.02.01"]
[Round "2"]
[White "tammany"]
[Black "nursey"]
[Result "1-0"]
[WhiteElo "1751"]
[BlackElo "1652"]
[Opening "QGD: exchange, positional line"]
[ECO "D35"]
[Time "17:28:33"]
[TimeControl "2700+45"]

1. d4 d5 2. c4 e6 3. Nc3 Nf6 4. cxd5 exd5 5. Bg5 Be7 6. e3 c6 7. Qc2 O-O 8. Bd3
h6 9. Bxf6 Bxf6 10. b4 a5 11. b5 Re8 12. Nge2 cxb5 13. Nxb5 Nc6 14. a3 Bg4 15.
O-O Rc8 16. Qb2 b6 17. Nf4 Bg5 18. Ne2 Qe7 19. Nec3 Qe6 20. Rfe1 Red8 21. Qc2
Ne7 22. Rac1 Re8 23. Qb3 Bf6 24. e4 dxe4 25. Qxe6 Bxe6 26. Nxe4 Nd5 27. Rb1 Nf4
28. Nxf6+ gxf6 29. Be4 Rcd8 30. Nc7 Re7 31. Nxe6 fxe6 32. Rxb6 Rxd4 33. g3 Nh3+
34. Kf1 Rd2 35. Re2 Rxe2 36. Kxe2 Ng1+ 37. Ke1 Nh3 38. Ra6 Ng5 39. Bg2 Rd7 40.
h4 Nf7 41. Rxe6 Kg7 42. Ra6 Re7+ 43. Kd2 Ne5 44. Kc3 Rc7+ 45. Kb3 Nc4 46. Rc6
Rxc6 47. Bxc6 Ne5 48. Bb5 Ng4 49. f3 Ne5 50. f4 Nf3 51. Ka4 Nd4 52. Kxa5 Nf5 53.
Kb6 Nxg3 54. a4 Nf5 55. a5 Nd6 56. a6 Nc8+ 57. Kb7 Nd6+ 58. Kc6 Nc8 59. Kc7 Na7
60. Bd3 {Black resigns} 1-0

[Event "Team 45 45 League T36"]
[Site "Internet Chess Club"]
[Date "2008.02.01"]
[Round "2"]
[White "Nosferatu1"]
[Black "Raisingthebar"]
[Result "1-0"]
[WhiteElo "1842"]
[BlackElo "1999"]
[Opening "QGD"]
[ECO "D30"]
[Time "18:10:08"]
[TimeControl "2700+45"]

1. d4 d5 2. c4 e6 3. Nf3 Nf6 4. Bg5 Nbd7 5. e3 Be7 6. Bd3 c6 7. Nc3 dxc4 8. Bxc4
Nd5 9. Bxe7 Qxe7 10. e4 Nxc3 11. bxc3 e5 12. d5 cxd5 13. Bxd5 O-O 14. O-O Nf6
15. c4 Rd8 16. Qb3 Rb8 17. Qc3 Re8 18. h3 Bd7 19. Rfe1 Bc6 20. Rab1 Rbc8 21. Qb2
b6 22. Re3 Nd7 23. Nd2 Nc5 24. Nb3 Na4 25. Qd2 Red8 26. Rd3 Bb7 27. Rd1 Kh8 28.
Bxb7 Rxd3 29. Qxd3 Rb8 30. Qd7 Qxd7 31. Rxd7 Nb2 32. Bd5 f6 33. Rxa7 h5 {Black
resigns} 1-0

[Event "Team 45 45 League T36"]
[Site "Internet Chess Club"]
[Date "2008.02.03"]
[Round "2"]
[White "vvsi"]
[Black "AVEMARIA"]
[Result "1-0"]
[WhiteElo "1810"]
[BlackElo "1781"]
[Opening "Sicilian: chameleon variation"]
[ECO "B20"]
[Time "10:24:21"]
[TimeControl "2700+45"]

1. e4 c5 2. Ne2 Nc6 3. Nbc3 e6 4. g3 d6 5. Bg2 Nf6 6. d4 cxd4 7. Nxd4 Bd7 8. O-O
Rc8 9. a4 a6 10. Nb3 Be7 11. a5 Qc7 12. Be3 Ne5 13. Bb6 Qb8 14. Nd2 Bc6 15. f4
Ned7 16. Be3 O-O 17. Nb3 Nc5 18. Nxc5 dxc5 19. g4 Rfd8 20. Qe2 Ne8 21. Qf2 c4
22. f5 Bd6 23. fxe6 Bxh2+ 24. Kh1 f6 25. Nd5 Bxd5 26. exd5 Qe5 27. Bd4 Qg3 28.
Qxg3 Bxg3 29. Rad1 Bc7 30. Bc3 Bd6 31. g5 Be7 32. gxf6 gxf6 33. Rf4 Bd6 34. Rg4+
Kf8 35. Rh4 Rc7 36. Be4 Kg8 37. Rg1+ Kh8 38. Rhg4 Rg7 39. Rxg7 Nxg7 40. Bxf6 Rg8
41. e7 Bxe7 42. Bxe7 {Black resigns} 1-0

[Event "Team 45 45 League T36"]
[Site "Internet Chess Club"]
[Date "2008.02.02"]
[Round "2"]
[White "chessdi"]
[Black "Duguesclin"]
[Result "1-0"]
[WhiteElo "1737"]
[BlackElo "1547"]
[Opening "French: exchange variation"]
[ECO "C01"]
[Time "15:56:18"]
[TimeControl "2700+45"]

1. e4 e6 2. d4 d5 3. exd5 exd5 4. c4 Nf6 5. Nc3 Bb4 6. cxd5 Qxd5 7. Be2 Nc6 8.
Nf3 O-O 9. O-O Bxc3 10. bxc3 Na5 11. Ne5 Bf5 12. c4 Qe6 13. f4 Rad8 14. d5 Qb6+
15. Kh1 Ne4 16. Ba3 Rfe8 17. Qe1 f6 18. Nf3 Qe3 19. Qxa5 Qxe2 20. Nd4 Nf2+ 21.
Rxf2 Qxf2 22. Nxf5 Qxf4 23. Ne7+ Kf7 24. Re1 Qxc4 25. Qd2 Rd7 26. Qe3 Rxd5 27.
Qe6+ Kf8 28. Qg8# {Black checkmated} 1-0